 Dungeon Crawl Stone Soup version 0.24.1-5-g77f818bfca (webtiles) character file.

Game seed: 11485022802807333497, levelgen mode: deterministic

10516 Curus the Severer (level 11, -4/97 HPs)
             Began as a Minotaur Gladiator on Apr 24, 2020.
             Was a Priest of Trog.
             Slain by a blink frog (6 damage)
             ... on level 1 of the Lair of Beasts.
             The game lasted 00:42:43 (9823 turns).

Curus the Severer (Minotaur Gladiator)              Turns: 9823, Time: 00:42:44

Health: -4/97      AC: 18    Str: 20    XL:     11   Next: 37%
Magic:  11/11      EV:  9    Int: 10    God:    Trog [***...]
Gold:   568        SH:  4    Dex: 12    Spells: 10/10 levels left

rFire    . . .     SeeInvis .   s - +0 hand axe (flame)
rCold    . . .     Gourm    .   y - +0 buckler
rNeg     . . .     Faith    .   K - +0 plate armour (curse)
rPois    +         Spirit   .   I - +1 hat {Int+3}
rElec    .         Reflect  .   (no cloak)
rCorr    .         Harm     +   C - +2 pair of gloves
MR       ++...                  (no boots)
Stlth    ..........             g - amulet of harm
HPRegen  1.26/turn              v - ring of poison resistance
MPRegen  0.12/turn              (no ring)

@: lethally poisoned (-4 -> -5), about to teleport, marked, regenerating
A: retaliatory headbutt, horns 2, repulsion field 1
a: Berserk, Trog's Hand, Renounce Religion


You were on level 1 of the Lair of Beasts.
You worshipped Trog.
Trog was most pleased with you.
You were hungry.

You visited 2 branches of the dungeon, and saw 11 of its levels.
You also visited: Sewer.

You collected 568 gold pieces.

Inventory:

Hand Weapons
 a - a +1 war axe
 s - a +0 hand axe of flaming (weapon)
Missiles
 d - 3 throwing nets (quivered)
Armour
 b - a +0 leather armour
 c - a +2 hat
 k - a +0 scale mail
 l - a +1 chain mail
 y - a +0 buckler (worn)
 B - a +0 plate armour
 C - a +2 pair of gloves (worn)
 I - a +1 hat of intelligence (worn)
 K - a cursed +0 plate armour (worn)
Jewellery
 e - a -3 ring of evasion
 g - an amulet of harm (around neck)
 v - a ring of poison resistance (left hand)
 x - an uncursed amulet of rage
Wands
 m - a wand of acid (7)
 n - a wand of iceblast (1)
 w - a wand of flame (18)
 A - a wand of paralysis (12)
 D - a wand of scattershot (3)
 E - a wand of digging (4)
 F - a wand of polymorph (10)
Scrolls
 h - 11 scrolls of remove curse
 i - 5 scrolls of fear
 j - 9 scrolls of identify
 r - 3 scrolls of teleportation
 G - a scroll of enchant weapon
Potions
 o - 5 potions of curing
 p - 2 potions of haste
 q - 4 potions of heal wounds
 t - 4 potions of might
 u - a potion of brilliance
 z - a potion of magic
Comestibles
 f - 12 rations


   Skills:
 - Level 9.5 Fighting
 - Level 16.1 Axes
 - Level 2.0 Throwing
 - Level 9.1 Armour
 - Level 3.2 Dodging
 + Level 2.1 Shields
 + Level 1.5 Evocations


You had 10 spell levels left.
You didn't know any spells.
Your spell library was empty.

Dungeon Overview and Level Annotations

Branches:
Dungeon (10/15)            Temple (0/1) D:7            Lair (1/6) D:10
    Orc (0/2) D:10          Sewer (visited)

Altars:
Cheibriados
Dithmenos
Elyvilon
Fedhas
Hepliaklqana
Sif Muna
Trog
Uskayaw
Vehumet
Wu Jian
Xom
Zin
The Shining One

Shops:
D:5 :

Annotations:
D:5 2 runed translucent doors, brob1's ghost, novice DDFi


Innate Abilities, Weirdness & Mutations

You reflexively headbutt those who attack you in melee.
You have a pair of horns on your head.
You are surrounded by a mild repulsion field. (EV +2)


Message History

You feel much better. The blink frog hits you.
* * * LOW HITPOINT WARNING * * *
The blink frog blinks! x2; The spiny frog stings you!
* * * LOW HITPOINT WARNING * * *
The blink frog hits you but does no damage.
The six-headed hydra bites you but does no damage. x3
The six-headed hydra barely misses you.
The six-headed hydra bites you but does no damage.
The six-headed hydra bites you.
* * * LOW HITPOINT WARNING * * *
You hack one of the six-headed hydra's heads off!
The flame cauterises the wound!
You slash the five-headed hydra! You burn the five-headed hydra.
The five-headed hydra is heavily wounded.
You miss the blink frog. You closely miss the spiny frog.
The blink frog blinks!
The spiny frog stings you.
* * * LOW HITPOINT WARNING * * *
You are more poisoned.
The spiny frog poisons you! The blink frog hits you.
You die...

##.........###
#P...........#.
#...§.........
##.............
#PF..§.......(.
#.............
#h............
##Fh...†.......
#@DFFF.........
##Ft§..........
#h............
#....F.....###
#..........#
#...........#
##..........##
#.......F:..#
#...........#


You could see a five-headed hydra, a spiny frog, 5 blink frogs, a crocodile, 3
wolves and 2 bullfrogs.

Vanquished Creatures
  Gastronok (D:10)
  Josephine (D:9)
  Urug (D:9)
  Nergalle (D:10)
  An ugly thing (D:7)
  A gargoyle (D:10)
  A spiny frog (Lair:1)
  A rime drake (Lair:1)
  2 trolls
  2 wraiths (D:9)
  5 yaks (D:9)
  Sigmund (D:6)
  Eustachio (D:5)
  A water moccasin (Lair:1)
  4 orc warriors
  2 sky beasts
  3 ice beasts
  A phantom (D:7)
  3 ogres
  4 centaurs
  3 big kobolds (Sewer)
  5 bullfrogs
  A gnoll sergeant (D:9)
  2 scorpions
  2 water moccasin skeletons
  4 killer bees (D:9)
  12 wights
  5 crimson imps
  A quasit (D:6)
  3 hounds
  2 bullfrog skeletons
  2 jellies (D:10)
  4 orc priests
  2 centaur skeletons
  5 orc wizards
  Ijyb (D:3)
  Jessica (D:3)
  7 worker ants
  A hound skeleton (D:5)
  Robin (D:3)
  A howler monkey zombie (D:9)
  5 gnolls
  15 adders
  5 river rats (Sewer)
  2 shadow imps (D:9)
  3 oozes
  2 adder skeletons
  3 worms
  2 dart slugs
  11 leopard geckos
  14 orcs
  5 ball pythons
  7 giant cockroaches
  15 hobgoblins
  17 jackals
  6 quokkas
  11 bats
  4 frilled lizards
  18 goblins
  26 kobolds
  A leopard gecko skeleton (D:4)
  2 quokka zombies
  27 rats
303 creatures vanquished.

Vanquished Creatures (others)
  A fungus (Lair:1)
1 creature vanquished.

Grand Total: 304 creatures vanquished

Notes
Turn   | Place    | Note
-------+----------+-------------------------------------------
     0 | D:1      | Curus the Minotaur Gladiator began the quest for the Orb.
     0 | D:1      | Reached XP level 1. HP: 18/18 MP: 0/0
    41 | D:1      | Reached skill level 4 in Axes
    76 | D:1      | Reached XP level 2. HP: 16/25 MP: 1/1
   336 | D:1      | Reached skill level 5 in Axes
   491 | D:1      | Reached XP level 3. HP: 30/30 MP: 2/2
   689 | D:2      | Reached skill level 6 in Axes
   689 | D:2      | Reached XP level 4. HP: 7/37 MP: 3/3
  1362 | D:3      | Noticed Ijyb
  1383 | D:3      | Killed Ijyb
  1383 | D:3      | Reached skill level 7 in Axes
  1383 | D:3      | Reached XP level 5. HP: 8/42 MP: 4/4
  1564 | D:3      | Found a glowing golden altar of the Shining One.
  1634 | D:3      | Noticed Robin
  1659 | D:3      | Killed Robin
  1755 | D:3      | Noticed Jessica
  1759 | D:3      | Killed Jessica
  1940 | D:3      | Found a shimmering altar of Xom.
  1964 | D:3      | Found a shadowy altar of Dithmenos.
  2748 | D:4      | Found a hide-covered altar of Uskayaw.
  2751 | D:4      | Noticed a +0 dagger
  2751 | D:4      | Noticed a +0 hand axe
  2783 | D:4      | Reached skill level 8 in Axes
  2783 | D:4      | Reached XP level 6. HP: 50/50 MP: 5/5
  3020 | D:4      | Found a glowing drain.
  3035 | Sewer    | Entered a sewer
  3151 | Sewer    | Reached skill level 9 in Axes
  3260 | Sewer    | Reached XP level 7. HP: 47/56 MP: 6/6
  3352 | Sewer    | Reached skill level 10 in Axes
  3848 | D:5      | Entered Level 5 of the Dungeon
  3888 | D:5      | Found Hocibeom's Book Boutique.
  3901 | D:5      | Reached skill level 11 in Axes
  3945 | D:5      | Found a shimmering blue altar of Sif Muna.
  4085 | D:5      | Found a large runed translucent door.
  4097 | D:5      | Found a large runed translucent door.
  4127 | D:5      | Noticed brob1's ghost (novice DDFi)
  4159 | D:5      | Reached XP level 8. HP: 62/62 MP: 7/7
  4212 | D:5      | Found a hazy altar of Hepliaklqana.
  4253 | D:5      | Found a white marble altar of Elyvilon.
  4285 | D:5      | Noticed Eustachio
  4319 | D:5      | Killed Eustachio
  4319 | D:5      | Reached skill level 12 in Axes
  5018 | D:6      | Reached skill level 13 in Axes
  5159 | D:6      | Noticed Sigmund
  5174 | D:6      | Killed Sigmund
  5410 | D:6      | Found a bloodstained altar of Trog.
  5421 | D:6      | Became a worshipper of Trog the Wrathful
  5506 | D:6      | Reached XP level 9. HP: 25/68 MP: 8/8
  5510 | D:6      | Reached skill level 14 in Axes
  5982 | D:6      | Found a glowing silver altar of Zin.
  6479 | D:7      | Found a staircase to the Ecumenical Temple.
  6583 | D:7      | Noticed a green ugly thing
  6593 | D:7      | Killed a green ugly thing
  6593 | D:7      | Reached skill level 15 in Axes
  6642 | D:7      | Found a blossoming altar of Fedhas.
  6833 | D:7      | Reached * piety under Trog
  6933 | D:7      | Found an ornate altar of the Wu Jian Council.
  7354 | D:8      | Noticed a troll
  7361 | D:8      | Killed a troll
  7361 | D:8      | Reached skill level 16 in Axes
  7728 | D:8      | Found a radiant altar of Vehumet.
  7774 | D:9      | Reached skill level 1 in Armour
  7780 | D:9      | Reached XP level 10. HP: 77/77 MP: 9/9
  7854 | D:9      | Reached ** piety under Trog
  8123 | D:9      | Found a snail-covered altar of Cheibriados.
  8221 | D:9      | Reached skill level 5 in Fighting
  8316 | D:9      | Reached skill level 5 in Armour
  8454 | D:10     | Entered Level 10 of the Dungeon
  8455 | D:10     | Found a hazy altar of Hepliaklqana.
  8470 | D:10     | Found a staircase to the Orcish Mines.
  8812 | D:10     | Noticed Urug
  8828 | D:10     | Noticed Nergalle
  8829 | D:10     | Noticed Josephine
  8838 | D:9      | Killed Urug
  9056 | D:10     | Noticed Gastronok
  9079 | D:9      | Killed Josephine
  9472 | D:10     | Killed Nergalle
  9472 | D:10     | Reached *** piety under Trog
  9472 | D:10     | Reached XP level 11. HP: 83/95 MP: 10/10
  9481 | D:10     | HP: 5/142 [Gastronok (33)]
  9483 | D:10     | Killed Gastronok
  9634 | D:10     | Gained mutation: Your mind is acute. (Int +2) [potion of
                  | mutation]
  9634 | D:10     | Lost mutation: Your mind is acute. (Int +2) [potion of
                  | mutation]
  9634 | D:10     | Gained mutation: You are surrounded by a mild repulsion
                  | field. (EV +2) [potion of mutation]
  9762 | D:10     | Found a staircase to the Lair.
  9770 | Lair:1   | Entered Level 1 of the Lair of Beasts
  9777 | Lair:1   | Reached skill level 1 in Shields
  9796 | Lair:1   | Reached skill level 1 in Evocations
  9799 | Lair:1   | Noticed an eight-headed hydra
  9818 | Lair:1   | HP: 3/97 [seven-headed hydra (12)]
  9823 | Lair:1   | HP: 2/97 [spiny frog (6)]
  9823 | Lair:1   | Slain by a blink frog

Levels and vault maps discovered:
D:1:      saegor_arrival_simple_c, layout_basic
D:2:      layout_rooms, cheibrodos_gnoll_hut
D:3:      layout_basic, grunt_dithmenos_smoke_and_mirrors,
          overflow_temple_1_default, first_ration, nicolae_tso_carved_into_rock,
          uniq_robin, uniq_ijyb, uniq_jessica
D:4:      minmay_door_path, layout_layer_cave, dancing_weapons_uskayaw,
          gup_sewer_entry_pipe
D:5:      layout_loops_corners, elyvilon_altar_1, kennysheep_mini, led_sif_book,
          ebering_ghost_disaster_area, serial_shops, shop, uniq_eustachio
D:6:      kennysheep_spiral_hall, layout_basic, zin_treasury,
          minmay_misc_feat_nine_boxes, trog_three_pillars_becter, uniq_sigmund
D:7:      layout_basic, kennysheep_mini_moat, old_standard_altar,
          minmay_temple_entry_statues
D:8:      layout_loops_ring, basic_altar
D:9:      layout_loops_ring, lemuel_crystal_altar
D:10:     layout_layer_cave, lair_entry_dummy, david_orc_3, basic_altar,
          uniq_josephine, uniq_gastronok, uniq_urug, uniq_nergalle
Lair:1:   layout_big_grid, grunt_megastairs_4

Skill      XL: |  1  2  3  4  5  6  7  8  9 10 11 |
---------------+----------------------------------+-----
Axes           | 4 5 6 7 8 9 11 13 16 | 16.1
Armour         | 1 8 9 |  9.1
Fighting       | 3 8 9 |  9.5
Shields        | 2 |  2.1
Evocations     | 1 |  1.5
Throwing       | |  2.0
Dodging        | |  3.2

Action                   |  1- 3 |  4- 6 |  7- 9 | 10-12 || total
-------------------------+-------+-------+-------+-------++-------
Melee: War axe           |    64 |   220 |   325 |   174 ||   783
       Headbutt          |     6 |    36 |    51 |    36 ||   129
       Hand axe          |       |       |       |     5 ||     5
Invok: Berserk           |       |       |       |     4 ||     4
       Trog's Hand       |       |       |       |     2 ||     2
  Use: Scroll            |     6 |     3 |     4 |     2 ||    15
       Potion            |     3 |     2 |     4 |     4 ||    13
  Eat: Chunk             |       |     8 |    11 |     7 ||    26
       Ration            |       |       |     1 |     1 ||     2
Armor: Leather armour    |     7 |       |       |       ||     7
       Scale mail        |    12 |    18 |       |       ||    30
       Chain mail        |       |   103 |   175 |    23 ||   301
       Plate armour      |       |       |       |    89 ||    89
Dodge: Dodged            |    46 |   109 |   104 |    67 ||   326
Block: Buckler           |       |       |     4 |    24 ||    28
